 Dungeon Sprint DCSS version 0.29-a0-468-ge57f7f99b4 (webtiles) character file.

Game seed: 8938595098780230450

9747 mhtbhm the Severer (level 11, -1/114 HPs)
             Began as a White Draconian Berserker on May 21, 2022.
             Was the Champion of Trog.
             Slain by an emperor scorpion (18 damage)
             ... in the Dungeon (Sprint VII: "The Pits").
             The game lasted 00:04:41 (2470 turns).

mhtbhm the Severer (White Draconian Berserker)      Turns: 2470, Time: 00:04:42

Health: -1/114     AC:  8    Str: 24    XL:     11   Next: 27%
Magic:  11/11      EV: 16    Int: 13    God:    Trog [******]
Gold:   0          SH:  0    Dex: 11    Spells: 10/10 levels left

rFire   + . .      SeeInvis .   a - +6 battleaxe of Ufameu {vorpal, rF+ Will+}
rCold   + . .      Faith    .   (shield currently unavailable)
rNeg    . . .      Spirit   .   (body armour unavailable)
rPois   .          Reflect  .   (helmet restricted)
rElec   .          Harm     .   m - +0 cloak
rCorr   .          Rampage  .   (no gloves)
Will    +....      NoTele   +   (no boots)
Stlth   +++.......              (no amulet)
HPRegen 0.29/turn               j - +3 ring of intelligence
MPRegen 0.12/turn               k - +3 ring of intelligence

@: short of breath, on berserk cooldown, slowed, very slow
A: breathe frost, AC +7, unfitting armour, cold resistance 1, cold-blooded
a: Breathe Frost, Renounce Religion, Berserk, Trog's Hand, Brothers in Arms


You were in the Dungeon.
You worshipped Trog.
Trog was exalted by your worship.
You visited 1 branch

Inventory:

Hand Weapons
 a - the +6 battleaxe of Ufameu (weapon) {vorpal, rF+ Will+}
   (Trog gifted it to you in the Dungeon)

   It inflicts extra damage upon your enemies.
   rF:        It protects you from fire.
   Will:      It increases your willpower.
 n - a +1 vorpal broad axe
Armour
 m - a +0 cloak (worn)
Jewellery
 j - a +3 ring of intelligence (left hand)
 k - a +3 ring of intelligence (right hand)
Scrolls
 i - a scroll of summoning
Potions
 b - 3 potions of curing
 c - 7 potions of heal wounds
 d - 2 potions of haste
 e - 4 potions of magic
 f - 6 potions of berserk rage
 h - 2 potions of invisibility
 l - a potion of resistance


   Skills:
 + Level 15.8 Fighting
 + Level 19.7 Axes
 + Level 11.9 Dodging
 + Level 5.8 Stealth


You had 10 spell levels left.
You didn't know any spells.
Your spell library was empty.

Dungeon Overview and Level Annotations

Branches:
Dungeon (1/1)

Altars:


Innate Abilities, Weirdness & Mutations

You can breathe waves of freezing cold which knock back foes.
Your icy white scales are hard. (AC +7)
You cannot fit into any form of body armour.
Your flesh is cold resistant. (rC+)
You are cold-blooded and may be slowed by cold attacks.


Message History

Unknown command.
Aiming: Breathe Frost (3% risk of failure)
Press: ? - help, Shift-Dir - straight line, f - emperor scorpion
Aim: an emperor scorpion (moderately wounded, 81% to hit)
You exhale a wave of freezing cold.
The freezing breath hits the emperor scorpion but does no damage.
The emperor scorpion is moderately wounded.
The freezing breath misses the blink frog.
The emperor scorpion stings you!!
* * * LOW HITPOINT WARNING * * *
You are lethally poisoned!
The emperor scorpion poisons you!
The emperor scorpion completely misses you.
The emperor scorpion claws you.
* * * LOW HITPOINT WARNING * * *
The emperor scorpion stings you!
* * * LOW HITPOINT WARNING * * *
The emperor scorpion claws you but does no damage. x2
Unknown command.
Unknown command.
You feel better. The emperor scorpion stings you!
* * * LOW HITPOINT WARNING * * *
The emperor scorpion barely misses you. The emperor scorpion misses you.
Your cyclops barely misses the blink frog.
The blink frog blinks!
The emperor scorpion closely misses you.
The emperor scorpion barely misses you.
The emperor scorpion closely misses you.
Your cyclops hits the blink frog!!!
The blink frog dies!
Trog accepts your kill. Trog grants you a weapon!
Something appears at your feet!
You see here a +3 battleaxe.
Unknown command.
You feel much better. The emperor scorpion stings you!
* * * LOW HITPOINT WARNING * * *
The emperor scorpion barely misses you.
The emperor scorpion claws you but does no damage.
The emperor scorpion stings you!!
You die...

.........+ .........+ ..#......#
.........# ##')###### ##')###
############
##....##..+...##...###
##...##...#..##......## ####
##..##...##..#..@§....## ####....
##..#...##...'..Fs.C...###...F...
##..'..##....###...†...##........
##.##).#.....)[###......#........
####...+.....)...##.M...#..§§....
# #....#....####..##....#')......
##..#..##..##..##.)+)†...#)§.....
##.###..##.'....'.†#†....s##+....
####.##..#.##..##..#........# ##


You could see an emperor scorpion, a blink frog (ally target), a mummy and a
friendly cyclops (summoned, berserk).

Vanquished Creatures
  A great orb of eyes (D)
  2 death yaks (D)
  A shadow wraith (D)
  A deep troll (D)
  Joseph (D)
  A cane toad (D)
  A rime drake (D)
  An efreet (D)
  A hellwing (D)
  2 ice devils (D)
  A polar bear (D)
  2 blink frogs (D)
  7 dream sheep (D)
  2 ynoxinuls (D)
  A human (shapeshifter) (D)
  A fire bat (D)
  A small abomination (D)
  A warg (D)
  An acid dragon (D)
  A water moccasin (D)
  A floating eye (D)
  A sky beast (D)
  A wolf (D)
  2 centaurs (D)
  2 scorpions (D)
  3 wights (D)
  16 killer bees (D)
  2 jellies (D)
  An orc priest (D)
  2 iron imps (D)
  A hell rat (D)
  A mummy (D)
  A river rat (D)
  An ufetubus (D)
  An adder zombie (D)
  3 orcs (D)
  2 bats (D)
  A giant cockroach (D)
  A hobgoblin (D)
  6 jackals (D)
  2 kobolds (D)
  A quokka (D)
  A ball python (D)
  A rat (D)
84 creatures vanquished.

Vanquished Creatures (collateral kills)
  Pikel (D)
  A blink frog (D)
  A wight (D)
3 creatures vanquished.

Grand Total: 87 creatures vanquished

Notes
Turn   | Place    | Note
-------+----------+-------------------------------------------
     0 | D        | mhtbhm the Draconian Berserker began the quest for the Orb.
     0 | D        | Reached XP level 1. HP: 19/19 MP: 1/1
    61 | D        | Reached ** piety under Trog
    62 | D        | Reached XP level 2. HP: 22/27 MP: 2/2
   126 | D        | Reached skill level 4 in Axes
   130 | D        | Reached *** piety under Trog
   183 | D        | Noticed a sky beast
   188 | D        | Reached **** piety under Trog
   193 | D        | Killed a sky beast
   194 | D        | Reached skill level 6 in Axes
   194 | D        | Reached skill level 5 in Dodging
   194 | D        | Reached XP level 3. HP: 35/37 MP: 3/3
   194 | D        | Reached XP level 4. HP: 42/44 MP: 4/4
   350 | D        | Noticed a scorpion
   351 | D        | Noticed Pikel
   351 | D        | Noticed a lemure
   351 | D        | Noticed a lemure
   351 | D        | Noticed a lemure
   351 | D        | Noticed a lemure
   358 | D        | Killed a scorpion
   359 | D        | Reached skill level 8 in Axes
   359 | D        | Reached XP level 5. HP: 33/52 MP: 5/5
   360 | D        | Reached ***** piety under Trog
   360 | D        | Received a gift from Trog
   370 | D        | Killed Pikel
   371 | D        | Reached skill level 10 in Fighting
   371 | D        | Reached skill level 11 in Axes
   371 | D        | Reached skill level 1 in Stealth
   371 | D        | Reached XP level 6. HP: 29/66 MP: 6/6
   371 | D        | Your scales start taking on an icy white colour.
   371 | D        | Reached XP level 7. HP: 32/72 MP: 7/7
   371 | D        | Gained mutation: Your flesh is cold resistant. (rC+) [White
                  | Draconian growth]
   612 | D        | Reached skill level 12 in Axes
   681 | D        | Noticed a hellwing
   683 | D        | Killed a hellwing
   684 | D        | Reached XP level 8. HP: 82/82 MP: 8/8
   763 | D        | Noticed an efreet
   767 | D        | Reached skill level 13 in Axes
   774 | D        | Killed an efreet
  1069 | D        | Noticed a dream sheep
  1069 | D        | Noticed a dream sheep
  1069 | D        | Noticed a dream sheep
  1069 | D        | Noticed a dream sheep
  1069 | D        | Noticed a dream sheep
  1069 | D        | Noticed a dream sheep
  1069 | D        | Noticed a dream sheep
  1074 | D        | Killed a dream sheep
  1075 | D        | Reached skill level 14 in Axes
  1076 | D        | Killed a dream sheep
  1076 | D        | Received a gift from Trog
  1077 | D        | Reached XP level 9. HP: 63/90 MP: 9/9
  1081 | D        | Reached skill level 15 in Axes
  1081 | D        | Reached skill level 10 in Dodging
  1086 | D        | Reached ****** piety under Trog
  1088 | D        | Received a gift from Trog
  1426 | D        | Noticed a cane toad
  1428 | D        | Noticed a death yak
  1432 | D        | Killed a cane toad
  1433 | D        | Reached skill level 16 in Axes
  1440 | D        | Killed a death yak
  1441 | D        | Reached XP level 10. HP: 21/101 MP: 10/10
  1710 | D        | Killed a shadow wraith
  1710 | D        | Received a gift from Trog
  1711 | D        | Reached skill level 17 in Axes
  1711 | D        | Reached skill level 5 in Stealth
  1993 | D        | Identified the +6 battleaxe of Ufameu {vorpal, rF+ Will+}
                  | (Trog gifted it to you in the Dungeon)
  1993 | D        | Received a gift from Trog
  2008 | D        | Noticed a deep troll
  2036 | D        | Killed a deep troll
  2037 | D        | Reached skill level 18 in Axes
  2226 | D        | Noticed a great orb of eyes
  2226 | D        | Noticed a death yak
  2238 | D        | Noticed Joseph
  2240 | D        | Killed a great orb of eyes
  2241 | D        | Reached skill level 15 in Fighting
  2245 | D        | Received a gift from Trog
  2252 | D        | Killed a death yak
  2253 | D        | Reached XP level 11. HP: 72/112 MP: 11/11
  2263 | D        | Killed Joseph
  2264 | D        | Reached skill level 19 in Axes
  2440 | D        | Noticed an emperor scorpion
  2447 | D        | Received a gift from Trog
  2469 | D        | Received a gift from Trog
  2470 | D        | Slain by an emperor scorpion

Illustrated notes

Levels and vault maps discovered:
D:        pitsprint [storerooms_1, entrance_room_1, metal_vault_7, armoury_2,
          mini_pit_1, grid_room_1, main_hall_1, silver_pit, the_coven_3,
          the_vestibule_1, steel_vault_3, golden_pit, hallway_of_sentries,
          crystal_vault_2, iron_vault_1, final_vault]

Skill      XL: |  1  2  3  4  5  6  7  8  9 10 11 |
---------------+----------------------------------+-----
Fighting       | 4 6 7 10 11 12 13 15 | 15.8
Dodging        | 3 5 6 8 9 10 11 | 11.9
Axes           | 6 8 11 12 14 16 18 19 | 19.7
Stealth        | 1 2 3 4 5 |  5.8

Action                   |  1- 3 |  4- 6 |  7- 9 | 10-12 || total
-------------------------+-------+-------+-------+-------++-------
Melee: Hand axe          |    29 |     8 |    14 |       ||    51
       Tailslap          |     3 |       |    13 |     9 ||    25
       Punch             |     1 |       |       |       ||     1
       Battleaxe         |       |       |    55 |    93 ||   148
Invok: Berserk           |     1 |     1 |     3 |     3 ||     8
       Brothers in Arms  |       |     1 |       |     1 ||     2
 Abil: Breathe Frost     |       |       |     2 |     1 ||     3
  Use: Potion            |       |     1 |     3 |     6 ||    10
       Scroll            |       |       |       |     1 ||     1
 Stab: Sleeping          |       |       |       |     1 ||     1
       Distracted        |       |       |       |     1 ||     1
Armor: Skin              |    10 |     3 |    10 |    17 ||    40
Dodge: Dodged            |    17 |    12 |    71 |    75 ||   175

Table legend: (Time is in decaauts)
 A = Elapsed time spent in this place.
 B = Non-inter-level travel time spent in this place.
 C = Inter-level travel time spent in this place.
 D = Time resting spent in this place.
 E = Time spent auto-exploring this place.
 F = Levels seen in this place.
 G = Mean time per level.
                   A        B        C        D        E       F      G
               +--------+--------+--------+--------+--------+-----+--------+
         Total |   2566 |   2566 |      0 |   1907 |      0 |   1 | 2566.0 |
       Dungeon |   2566 |   2566 |      0 |   1907 |      0 |   1 | 2566.0 |
               +--------+--------+--------+--------+--------+-----+--------+

Top non-repeatable levels by time:
       D: 2566 daAuts
